 Dungeon Crawl Stone Soup version 0.19-a0-1346-g7941943 (webtiles) character file.

409 Lindan9 the Magician (level 6, -4/44 HPs)
             Began as a Demonspawn Ice Elementalist on Sept 1, 2016.
             Was an Initiate of Yredelemnul.
             Slain by a scorpion (7 damage)
             ... on level 4 of the Dungeon.
             The game lasted 00:13:32 (3509 turns).

Lindan9 the Magician (Demonspawn Ice Elementalist)  Turns: 3509, Time: 00:13:32

Health: -4/44      AC:  4    Str:  8    XL:     6   Next: 58%
Magic:  16/20      EV: 13    Int: 19    God:    Yredelemnul [......]
Gold:   266        SH:  0    Dex: 12    Spells: 1 memorised, 11 levels left

rFire  . . .     SeeInvis .     d - +1 mace (crush)
rCold  . . .     Gourm    .     a - +0 robe
rNeg   . . .     Faith    .     (no shield)
rPois  .         Spirit   .     (no helmet)
rElec  .         Dismiss  .     (no cloak)
rCorr  .         Reflect  .     (no gloves)
MR     +....     Harm     .     (no boots)
Stlth  ++........               r - amulet of magic regeneration
                                u - ring of magical power
                                i - ring of protection from magic

@: lethally poisoned (-4 -> -7), very slightly contaminated
A: talons 2, rough black scales 1
a: Renounce Religion


You were on level 4 of the Dungeon.
You worshipped Yredelemnul.
Yredelemnul was noncommittal.
You were not hungry.

You visited 1 branch of the dungeon, and saw 4 of its levels.
You also visited: Sewer.

You collected 266 gold pieces.

Inventory:

Hand Weapons
 d - a +1 mace of crushing (weapon)
 v - a cursed -3 war axe
Armour
 a - a +0 robe (worn)
Jewellery
 h - a +3 amulet of reflection
 i - a ring of protection from magic (left hand)
 q - an uncursed ring of poison resistance {unknown}
 r - an amulet of magic regeneration (around neck)
 u - a ring of magical power (right hand)
Scrolls
 n - a scroll of identify
 o - 2 scrolls of remove curse
 s - a scroll of recharging {unknown}
Potions
 e - 2 potions of haste
 g - 2 potions of lignification
 m - a potion of invisibility {unknown}
 p - a potion of brilliance {unknown}
 t - a potion of curing {unknown}
Books
 b - a book of Frost

   Spells                             Type                      Level
   a - Freeze                         Ice                          1
   b - Throw Frost                    Conjuration/Ice              2
   c - Ozocubu's Armour               Charms/Ice                   3
   d - Throw Icicle                   Conjuration/Ice              4
   e - Summon Ice Beast               Ice/Summoning                4
Comestibles
 c - 3 bread rations
 f - 4 meat rations
 j - 3 beef jerkies
 k - 4 fruits
 l - 2 slices of pizza


   Skills:
 + Level 1.8 Fighting
 + Level 1.0 Maces & Flails
 + Level 3.6 Dodging
 + Level 2.6 Stealth
 + Level 3.9 Spellcasting
   Level 1.0 Conjurations
 + Level 3.8 Ice Magic


You had 11 spell levels left.
You knew the following spells:

 Your Spells              Type           Power        Failure   Level  Hunger
a - Freeze                Ice            ###.         3%          1    None


Dungeon Overview and Level Annotations

Branches:
Dungeon (4/15)
 Temple: D:4-7

Altars:
Makhleb
Okawaru
Xom
Yredelemnul


Innate Abilities, Weirdness & Mutations

You have razor-sharp toenails.
You are partially covered in rough black scales. (AC +2, Dex -1)


Message History

The scorpion stings you!
* * * LOW HITPOINT WARNING * * *
Casting: Freeze
Confirm with . or Enter, or press ? or * to list all spells.
Aiming: Freeze
Press: ? - help, Shift-Dir - straight line, f/p - scorpion
Aim: a scorpion (moderately wounded)
You freeze the scorpion.
The scorpion is severely wounded.
* * * LOW HITPOINT WARNING * * *
You feel sick. The scorpion closely misses you.
You are too injured to fight recklessly!
You are too injured to fight recklessly!
You are too injured to fight recklessly!
You are too injured to fight recklessly!
You hit the scorpion.
The scorpion is almost dead.
The scorpion stings you!
You die...
Your body rises from the dead as a mindless zombie.

####### ##
......# #.#
.#.#..# ##
#.##......#
#.###..#...#
#.#.#[@.#
#.##.s...#
#.##........#
#.##..#[#....
#.###........
#.# ####.....
#.# ..... #.#
$.$. #.## #.#


You could see a scorpion.

Vanquished Creatures
  Purgy (Sewer)
  The ghost of dickylongcocking the Vexing, an amateur SpEn (D:3)
  2 scorpions (D:4)
  A worker ant (D:4)
  A gnoll (D:1)
  4 adders
  An ooze (D:3)
  An adder skeleton (D:4)
  3 dart slugs
  5 giant geckos
  3 orcs
  13 bats
  5 giant cockroaches
  7 goblins
  9 hobgoblins
  2 jackals (D:2)
  5 kobolds
  3 quokkas
  2 giant newts
  5 rats
74 creatures vanquished.

Notes
Turn   | Place    | Note
-------+----------+-------------------------------------------
     0 | D:1      | Lindan9 the Demonspawn Ice Elementalist began the quest for the Orb.
     0 | D:1      | Reached XP level 1. HP: 13/13 MP: 3/3
   275 | D:1      | Gained mutation: You are partially covered in rough black scales. (AC +2, Dex -1) [demonic ancestry]
   275 | D:1      | Reached XP level 2. HP: 12/19 MP: 5/5
  1023 | D:1      | Gained mutation: You have sharp toenails. [demonic ancestry]
  1023 | D:1      | Reached XP level 3. HP: 25/25 MP: 6/6
  1416 | D:2      | Reached XP level 4. HP: 29/31 MP: 6/8
  1518 | D:2      | Found a burning altar of Makhleb.
  1518 | D:2      | Noticed a cacodemon
  1677 | D:3      | Found a shimmering altar of Xom.
  1759 | D:3      | Noticed dickylongcocking's ghost (amateur SpEn)
  1778 | D:3      | Killed dickylongcocking's ghost
  1778 | D:3      | Reached skill level 1 in Fighting
  1778 | D:3      | Gained mutation: You have razor-sharp toenails. [demonic ancestry]
  1778 | D:3      | Reached XP level 5. HP: 24/37 MP: 7/9
  1884 | D:3      | Reached skill level 1 in Maces & Flails
  2570 | D:4      | Found an iron altar of Okawaru.
  2572 | D:4      | Found a basalt altar of Yredelemnul.
  2728 | D:4      | Became a worshipper of Yredelemnul the Dark
  2800 | D:4      | Found a glowing drain.
  2912 | Sewer    | Entered a sewer
  2942 | Sewer    | Noticed Purgy
  2955 | Sewer    | HP: 1/38 [Purgy (2)]
  2964 | Sewer    | Killed Purgy
  2964 | Sewer    | Reached XP level 6. HP: 24/44 MP: 8/11
  3508 | D:4      | HP: 2/44 [poisoned by a scorpion]
  3509 | D:4      | Slain by a scorpion

Vault maps used:
D:1:      lightli_arrival_statuegarden, minmay_misc_feat_ornament,
          serial_bayou_pond_a
D:2:      makhleb_altar_promises_db
D:3:      lemuel_round_altar, first_bread
D:4:      grunt_temple_overflow_open, portal_sewer_entry_f,
          minmay_misc_feat_five, uniq_natasha, uniq_edmund, uniq_grinder
Sewer:    sewer_big_baddie

Skill      XL: |  1  2  3  4  5 |
---------------+----------------+-----
Ice Magic      | 3 |  3.8
Dodging        | 2 3 |  3.6
Stealth        | 2 |  2.6
Fighting       | 1 |  1.8
Maces & Flails | 1 |  1.0
Spellcasting   | 3 |  3.9
Conjurations   | |  1.0

Action                   |  1- 3 |  4- 6 || total
-------------------------+-------+-------++-------
Melee: Mace              |    69 |   121 ||   190
       Kick              |     8 |    20 ||    28
 Cast: Freeze            |    27 |    31 ||    58
  Use: Scroll            |     6 |     5 ||    11
       Potion            |       |     2 ||     2
 Stab: Sleeping          |     5 |     1 ||     6
  Eat: Bread ration      |     1 |     1 ||     2
Armor: Robe              |    41 |    48 ||    89
Dodge: Dodged            |    86 |   156 ||   242
Block: Other             |    11 |     1 ||    12
